cohdb
Replays
Latest Replays
All Replays
Popular Replays
Top Player Replays
Match Explorer
How It Works
Community
CoH3 Stats
Reddit
Sign in to upload your games and track your stats! →
Sign in with Steam
Match 26381006
Unlisted
Match 26381006
Overview
Messages
Build Orders
End
Pioneer Squad
Construct Infanterie Kompanie
Grenadier Squad
Selects Breakthrough Battlegroup
Selects Assault Grenadiers
Medical Station
GrW 34 Mortar Team
MG 42 Machine Gun Team
Infanterie Officer Quarters
Grenadier Squad
GrW 34 Mortar Team
Construct Luftwaffe Kompanie
Luftwaffe Officer Quarters
Support Elements
Selects Smoke Bombing Run
Selects Incendiary Bombing Run
Wirbelwind Flakpanzer
Jäger Squad
Jäger Squad
Wirbelwind Flakpanzer
Construct Panzergrenadier Kompanie
Panzergrenadier Officer Quarters
Construct Panzer Kompanie
Incendiary Bombing Run
Panzer Officer Quarters
Side Skirts
Panzer IV Medium Tank
Selects 2.5-tonne Cargo Truck
Selects Blitzkrieg
Selects Panzer IV Command Tank Sd.Kfz. 161/1
Incendiary Bombing Run
Grenadier Squad
Sgt-ScarSkull
Joraad
LEGIA892
soociijimlu
soplul
bendocharo
Pross
skibski__
0
0
Comments
sign in to comment!
No comments posted yet!